 Dungeon Crawl Stone Soup version 0.30.0-29-ga12c61a403 (webtiles) character file.

Game seed: 6651633672681205079

2709 safid the Frost Mage (level 9, -21/66 (74) HPs)
             Began as a Merfolk Ice Elementalist on June 20, 2023.
             Was an Initiate of Vehumet.
             Demolished by a wight
             ... wielding a +1 heavy battleaxe
              (26 damage)
             ... on level 7 of the Dungeon on June 21, 2023.
             The game lasted 00:14:17 (7050 turns).

safid the Frost Mage (Merfolk Ice Elementalist)     Turns: 7050, Time: 00:14:18

HP:   -21/66 (74)   AC: 13    Str: 14    XL:     9   Next: 66%
MP:   19/28         EV: 13    Int: 19    God:    Vehumet [......]
Gold: 369           SH:  0    Dex: 17    Spells: 15/22 levels left

rFire   + . .        m - +1 dagger (venom)
rCold   . . .        (no shield)
rNeg    . . .        a - +0 robe
rPois   .            (helmet restricted)
rElec   .            d - +0 cloak "Womaol" {*Slow MP+9 Dex+3}
rCorr   .            g - +0 pair of gloves
SInv    .            f - +0 pair of boots
Will    .....        u - amulet of regeneration
Stlth   ++           B - ring of protection from fire
HPRegen 1.11/turn    e - +6 ring of strength
MPRegen 0.21/turn

%: slow self (1%)
@: ice-armoured, freezing walls, heavily drained
A: (nimble swimmer 2), mertail, antennae 1
a: Renounce Religion


You were on level 7 of the Dungeon.
You worshipped Vehumet.
Vehumet was noncommittal.
You visited 2 branches of the dungeon, and saw 8 of its levels.

You collected 383 gold pieces.
You spent 14 gold pieces at shops.

Inventory:

Hand Weapons
 m - a +1 dagger of venom (weapon)
Missiles
 y - 4 throwing nets
 C - a curare-tipped dart
Armour
 a - a +0 robe (worn)
 d - the +0 cloak "Womaol" (worn) {*Slow MP+9 Dex+3}
   (You found it on level 2 of the Dungeon)

   Dex:       It affects your dexterity (+3).
   MP:        It affects your magic capacity (+9).
   *Slow:     It may slow you when you take damage.
 f - a +0 pair of boots (worn)
 g - a +0 pair of gloves (worn)
 v - a +0 helmet
Jewellery
 e - a +6 ring of strength (right hand)
 u - an amulet of regeneration (around neck)
 B - a ring of protection from fire (left hand)
Wands
 c - a wand of roots (7)
 n - a wand of charming (10)
Scrolls
 o - a scroll of magic mapping
 p - a scroll of fear
 s - 3 scrolls of identify
 w - 4 scrolls of teleportation
 A - a scroll of brand weapon {unknown}
Potions
 b - 2 potions of magic
 h - 2 potions of mutation
 i - a potion of might
 j - a potion of ambrosia
 k - a potion of haste
 q - a potion of experience {unknown}
 r - 2 potions of curing
 t - a potion of lignification {unknown}
 x - a potion of heal wounds {unknown}
 z - a potion of cancellation {unknown}
 D - 2 potions of brilliance {unknown}


   Skills:
 + Level 8.1 Fighting
 - Level 2.6 Dodging
 - Level 2.1 Stealth
 + Level 7.1 Spellcasting
 + Level 9.3 Ice Magic


You had 15 spell levels left.
You knew the following spells:

 Your Spells              Type           Power      Damage    Failure   Level
a - Freeze                Ice            100%       1d10      1%          1
b - Frozen Ramparts       Ice            84%        1d13      1%          3
c - Ozocubu's Armour      Ice            42%        N/A       1%          3

Your spell library contained the following spells:

 Spells                   Type           Power      Damage    Failure   Level
 Ensorcelled Hibernation  Hex/Ice        48%        N/A       2%          2
 Summon Ice Beast         Ice/Summ       24%        N/A       14%         4
 Passwall                 Tmut/Erth      5%         N/A       16%         2
 Swiftness                Air            6%         N/A       30%         3


Dungeon Overview and Level Annotations

Branches:
Dungeon (7/15)             Temple (1/1) D:6

Altars:
Ashenzari
Cheibriados
Dithmenos
Fedhas
Gozag
Hepliaklqana
Kikubaaqudgha
Makhleb
Nemelex Xobeh
Okawaru
Qazlal
Sif Muna
Trog
Uskayaw
Vehumet
Wu Jian
Xom
Yredelemnul
Zin
The Shining One

Shops:
D:3 !

Annotations:
D:6 Grinder


Innate Abilities, Weirdness & Mutations

((You are very nimble when in or above water. (Stealth+, EV+, Speed+++)))
Your lower body shifts to a powerful aquatic tail in water.
You have a pair of small antennae on your head.


Message History

The wall freezes the wight but does no damage.
The wight hits you with a +1 heavy battleaxe!
* * * LOW HITPOINT WARNING * * *
You feel drained.
* * * LOW HITPOINT WARNING * * *
You hit the wight but do no damage.
The wight is heavily damaged.
The wight completely resists.
The wall freezes the wight but does no damage.
The wight hits you but does no damage.
You hit the wight. You punch the wight, but do no damage.
The wight is severely damaged.
You barely miss the wight.
The wight is severely damaged.
The frozen ramparts melt away.
The wight barely misses you.
Casting: Frozen Ramparts (safe; 1% risk of failure)
Confirm with . or Enter, or press ? or * to list all spells.
Casting: Frozen Ramparts (safe; 1% risk of failure)
Press: ? - help, Dir - look around, f - activate The walls around you are covered in ice.
The wight resists.
The wall freezes the wight.
The wight hits you with a +1 heavy battleaxe!
* * * LOW HITPOINT WARNING * * *
Unknown command.
Casting: Frozen Ramparts (safe; 1% risk of failure)
Confirm with . or Enter, or press ? or * to list all spells.
Aiming: Freeze (safe; 1% risk of failure)
Press: ? - help, Shift-Dir - straight line, f - wight
Aim: a wight, wielding a +1 heavy battleaxe and wearing a +0 robe (severely damaged)
You freeze the wight but do no damage.
The wight completely resists.
Unknown command.
Casting: Freeze (safe; 1% risk of failure)
Confirm with . or Enter, or press ? or * to list all spells.
Aiming: Freeze (safe; 1% risk of failure)
Press: ? - help, Shift-Dir - straight line, f/p - wight
Aim: a wight, wielding a +1 heavy battleaxe and wearing a +0 robe (severely damaged)
You freeze the wight but do no damage.
The wight completely resists.
The wight resists.
The wall freezes the wight.
The wight hits you with a +1 heavy battleaxe!!
You die...

#...# #....#
#.....(..# ###...#
#..#.# #.########
......### ##...# #.#
###.....# ##.## #.#
#...#.# #.# #.#
###<..#.## #.# #.#
.........####.# #.#
..............#####.#
.....#...###...z@...#
.....##.####..#######
..............#
..............#
.....##########
....## #####


You could see a wight.

Vanquished Creatures
  A hornet (D:7)
  Sigmund (D:5)
  4 ice beasts
  3 sky beasts
  2 black bears
  2 centaurs (D:6)
  2 ogres
  A kobold brigand (D:7)
  A bullfrog (D:7)
  5 scorpions
  4 wights
  4 hounds
  2 jellies
  3 orc priests (D:3)
  A sleepcap (D:4)
  2 iguanas
  An orc wizard (D:3)
  6 adders
  A shadow imp (D:5)
  2 white imps (D:7)
  A worm (D:2)
  7 dart slugs
  20 orcs
  4 endoplasms
  3 giant cockroaches
  11 goblins
  5 hobgoblins
  3 jackals (D:2)
  13 kobolds
  3 quokkas
  6 ball pythons
  7 bats
  2 frilled lizards
  3 rats
136 creatures vanquished.

Notes
Turn   | Place    | Note
-------+----------+-------------------------------------------
     0 | D:1      | safid the Merfolk Ice Elementalist began the quest for the
                  | Orb.
     0 | D:1      | Reached XP level 1. HP: 13/13 MP: 3/3
   266 | D:1      | Reached XP level 2. HP: 17/20 MP: 1/5
   331 | D:1      | Reached skill level 1 in Fighting
  1020 | D:2      | Reached XP level 3. HP: 19/26 MP: 4/6
  1403 | D:2      | Found a faded altar of an unknown god.
  1520 | D:2      | Reached skill level 5 in Ice Magic
  1520 | D:2      | Identified the +0 cloak "Womaol" {*Slow MP+9 Dex+3}
  1936 | D:2      | Reached XP level 4. HP: 33/33 MP: 8/8
  1980 | D:2      | Learned a level 3 spell: Frozen Ramparts
  1984 | D:2      | Learned a level 3 spell: Ozocubu's Armour
  2170 | D:3      | Found Jenept's Distillery.
  2177 | D:3      | Bought a potion of degeneration for 14 gold pieces
  2191 | D:3      | Found an ornate altar of the Wu Jian Council.
  2192 | D:3      | Found a bloodstained altar of Trog.
  2219 | D:3      | Reached XP level 5. HP: 39/39 MP: 9/9
  2521 | D:3      | Found a burning altar of Makhleb.
  2674 | D:3      | Reached XP level 6. HP: 34/47 MP: 11/11
  3018 | D:4      | Reached skill level 6 in Ice Magic
  3109 | D:4      | Reached XP level 7. HP: 36/54 MP: 13/13
  3364 | D:4      | Found a hide-covered altar of Uskayaw.
  3931 | D:5      | Entered Level 5 of the Dungeon
  3978 | D:5      | Noticed Sigmund
  3994 | D:5      | Gained mutation: You have a pair of small antennae on your
                  | head. [potion of mutation]
  3996 | D:5      | Killed Sigmund
  3997 | D:5      | Reached skill level 5 in Fighting
  4130 | D:5      | Found a basalt altar of Yredelemnul.
  4174 | D:5      | Reached skill level 7 in Ice Magic
  4426 | D:5      | Found a glowing golden altar of the Shining One.
  4428 | D:5      | Noticed an angel
  4566 | D:5      | Reached skill level 5 in Spellcasting
  4566 | D:5      | Reached XP level 8. HP: 63/63 MP: 15/15
  4815 | D:6      | Found a large runed translucent door.
  4816 | D:6      | Found a large runed translucent door.
  4926 | D:6      | Found a staircase to the Ecumenical Temple.
  4933 | Temple   | Entered the Ecumenical Temple
  4984 | Temple   | Became a worshipper of Vehumet
  5057 | D:6      | Noticed Grinder
  5217 | D:6      | Reached skill level 8 in Ice Magic
  5332 | D:6      | Reached XP level 9. HP: 57/71 MP: 18/18
  5350 | D:6      | Found a blossoming altar of Fedhas.
  5512 | D:6      | Found a hazy altar of Hepliaklqana.
  5687 | D:6      | Found a glowing silver altar of Zin.
  5736 | D:6      | Found an ancient bone altar of Kikubaaqudgha.
  6139 | D:7      | Noticed a hornet
  6143 | D:7      | Killed a hornet
  6151 | D:7      | Reached skill level 9 in Ice Magic
  7048 | D:7      | HP: 3/66 [wight/+1 heavy battleaxe (17)]
  7050 | D:7      | Demolished by a wight

Illustrated notes

Levels and vault maps discovered:
D:1:      nicolae_arrival_somewhat_less_tricky_arrival, layout_loops_cross
D:2:      layout_basic, hellmonk_ecumenical_altar_crossroads,
          grunt_ministairs_13, st_stairs_12, kennysheep_generic_room_4
D:3:      layout_loops_cross, bloody_makhleb, gammafunk_temple_overflow_statue,
          serial_shops, shop, minmay_misc_feat_encased, dk_vineyard_3,
          kennysheep_orc_chapel
D:4:      layout_basic, nicolae_uskayaw_murder_on_the_dancefloor
D:5:      layout_basic, grunt_temple_overflow_holy_war, uniq_sigmund
D:6:      layout_basic, mainiacjoe_overflow_boulevard, jmf_multi_god_temple2,
          worldfamousw_hep_ancestral_shrine, minmay_temple_entry_crystal_x,
          uniq_grinder
D:7:      layout_loops_ring, dk_rats_in_the_wall
Temple:   jpeg_temple_alley_garden

Skill      XL: |  1  2  3  4  5  6  7  8  9 |
---------------+----------------------------+-----
Fighting       | 1 2 3 4 5 6 8 |  8.1
Ice Magic      | 5 6 7 8 9 |  9.3
Spellcasting   | 3 4 5 6 7 |  7.1
Dodging        | |  2.6
Stealth        | |  2.1

Action                     |  1- 3 |  4- 6 |  7- 9 || total
---------------------------+-------+-------+-------++-------
  Melee: Dagger            |    52 |    84 |   253 ||   389
         Punch             |       |     2 |     7 ||     9
   Cast: Freeze            |    43 |     4 |     3 ||    50
         Frozen Ramparts   |       |     8 |    31 ||    39
         Ozocubu's Armour  |       |     4 |    22 ||    26
    Use: Potion            |       |       |     2 ||     2
         Scroll            |       |       |    10 ||    10
   Stab: Sleeping          |     3 |     8 |     7 ||    18
 Armour: Robe              |    22 |    20 |   100 ||   142
  Dodge: Dodged            |    55 |    66 |   150 ||   271
